 Dungeon Crawl Stone Soup version 0.22-a0-83-g218e7ff (webtiles) character file.

104 Mygna the Chopper (level 4, -1/38 HPs)
             Began as a Demonspawn Chaos Knight on Jan 19, 2018.
             Slain by an ufetubus (3 damage)
             ... summoned by Xom
             ... on level 3 of the Dungeon.
             The game lasted 00:05:28 (2082 turns).

Mygna the Chopper (Demonspawn Chaos Knight)         Turns: 2082, Time: 00:05:28

Health: -1/38      AC:  5    Str: 12    XL:     4   Next: 52%
Magic:  4/4        EV: 11    Int: 14    God:    Xom [*.....]
Gold:   84         SH:  0    Dex: 13    Spells: 3/3 levels left

rFire    . . .     SeeInvis .   a - +0 hand axe (chaos)
rCold    + . .     Gourm    .   (no shield)
rNeg     . . .     Faith    .   b - +3 leather armour
rPois    .         Spirit   .   (no helmet)
rElec    .         Reflect  .   (no cloak)
rCorr    .         Harm     .   g - +0 pair of gloves
MR       +....                  (no boots)
Stlth    ++........             (no amulet)
HPRegen  0.12/turn              q - ring of stealth
MPRegen  0.09/turn              o - ring of protection from magic

@: very slightly contaminated, invisible
A: cold resistance 1, deformed body, deterioration 1, powered by death 1, robust
1, rot immunity
a: Renounce Religion


You were on level 3 of the Dungeon.
You worshipped Xom.
You were a special plaything of Xom.
You were not hungry.

You visited 1 branch of the dungeon, and saw 3 of its levels.

You collected 84 gold pieces.

Inventory:

Hand Weapons
 a - a +0 hand axe of chaos (weapon)
Armour
 b - a +3 leather armour (worn)
 e - a +0 chain mail
 g - a +0 pair of gloves (worn)
Jewellery
 i - an uncursed ring of positive energy
 o - a ring of protection from magic (right hand)
 q - a ring of stealth (left hand)
Scrolls
 d - 6 scrolls of identify
 h - a scroll of enchant armour
 j - a scroll of teleportation
 l - a scroll of immolation
Potions
 k - 2 potions of lignification
Comestibles
 c - 4 rations
 f - 5 chunks of flesh


   Skills:
 - Level 3.0 Fighting
 + Level 4.9 Axes
 - Level 1.7 Armour
 - Level 0.8 Dodging


You had 3 spell levels left.
You didn't know any spells.

Dungeon Overview and Level Annotations

Branches:
Dungeon (3/15)

Altars:
Nemelex Xobeh


Innate Abilities, Weirdness & Mutations

You regenerate a little health from kills.
You are immune to rotting.
Your flesh is cold resistant. (rC+)
Armour fits poorly on your strangely shaped body.
Your body sometimes deteriorates upon taking damage.
You are robust. (+10% HP)


Message History

* * * LOW HITPOINT WARNING * * *
The iron imp hits you.
* * * LOW HITPOINT WARNING * * *
The hobgoblin hits you with a club.
* * * LOW HITPOINT WARNING * * *
The ufetubus hits you.
* * * LOW HITPOINT WARNING * * *
The ufetubus hits you but does no damage.
Okay, then.
It was a potion of invisibility.
You fade into invisibility!
The iron imp disappears!
The gnoll barely misses you. The ufetubus misses you.
The ufetubus barely misses you. The hobgoblin barely misses you.
You are very lightly contaminated with residual magic.
The ufetubus completely misses you.
The ufetubus hits you but does no damage.
The ufetubus closely misses you. The ufetubus barely misses you.
The ufetubus closely misses you. The ufetubus hits you.
You die... "It was about time."

#.........#.#
#.........#.#
#......รท..#.#
#.........#.## ####
#.........#..# #..[
#######.####.# #..#
#####.# #)##..#
#...#.####.)..# ##
#...#.@....#.##
...#...###5.###.#
.......gg...###.(
........###...###.
.........g.......#.
........g###..##....
.......#.# #.# ..##
.....###.. ......
..... ##.. .#...


You could see an ufetubus.

Vanquished Creatures
  3 adders
  3 gnolls (D:3)
  An ooze (D:2)
  A worm (D:3)
  3 giant cockroaches
  5 goblins
  4 hobgoblins
  2 jackals (D:3)
  10 kobolds
  A ball python (D:1)
  5 bats
  3 frilled lizards
  3 rats
44 creatures vanquished.

Notes
Turn   | Place    | Note
-------+----------+-------------------------------------------
     0 | D:1      | Mygna the Demonspawn Chaos Knight began the quest for the Orb.
     0 | D:1      | Reached XP level 1. HP: 18/18 MP: 1/1
     0 | D:1      | XOM: divination: detect creatures
    57 | D:1      | Reached skill level 3 in Axes
   146 | D:1      | XOM: mild Ice miscast
   265 | D:1      | Gained mutation: You regenerate a little health from kills. [demonic ancestry]
   265 | D:1      | Reached XP level 2. HP: 24/24 MP: 2/2
   348 | D:1      | Found a sparkling altar of Nemelex Xobeh.
   615 | D:2      | XOM: chaos cloud
   720 | D:2      | XOM: give mutations
   720 | D:2      | Gained mutation: Your body sometimes deteriorates upon taking damage. [Xom's mischief]
   720 | D:2      | Gained mutation: Your flesh is cold resistant. (rC+) [Xom's mischief]
   720 | D:2      | Gained mutation: Armour fits poorly on your strangely shaped body. [Xom's mischief]
   720 | D:2      | Gained mutation: You are robust. (+10% HP) [Xom's mischief]
   800 | D:2      | XOM: smoke on damage
   807 | D:2      | XOM: swap monsters
   825 | D:2      | Gained mutation: You are immune to rotting. [demonic ancestry]
   825 | D:2      | Reached XP level 3. HP: 29/31 MP: 3/3
  1067 | D:2      | Reached skill level 4 in Axes
  1082 | D:2      | XOM: severe Conj miscast
  1791 | D:2      | XOM: summons 1 hostile shadow creature
  1969 | D:3      | Reached XP level 4. HP: 38/38 MP: 4/4
  1990 | D:3      | XOM: 1-stop teleportation journey
  2072 | D:3      | XOM: summons 2 hostile demons
  2075 | D:3      | HP: 1/38 [iron imp[Xom] (11)]
  2082 | D:3      | Slain by an ufetubus

Vault maps used:
D:1:      elethiomel_arrival_quiet, nemelex_diamond_rough_becter
D:2:      nrook_mini_vaults
D:3:      chequers_ecumenical_altar_island, lemuel_statue_altar

Skill      XL: |  1  2  3 |
---------------+----------+-----
Axes           | 3 4 |  4.9
Fighting       | |  3.0
Armour         | |  1.7
Dodging        | |  0.8

Action                   |  1- 3 |  4- 6 || total
-------------------------+-------+-------++-------
Melee: Hand axe          |   138 |    26 ||   164
  Use: Scroll            |     7 |       ||     7
       Potion            |       |     2 ||     2
 Stab: Sleeping          |       |     2 ||     2
  Eat: Chunk             |     2 |     2 ||     4
Armor: Leather armour    |    37 |     7 ||    44
       Chain mail        |    42 |       ||    42
Dodge: Dodged            |    73 |    30 ||   103

Table legend:
 A = Spawn XP
 B = Non-spawn XP
 C = Spawn XP percentage of total XP
 D = Spawn monster count
 E = Non-spawn monster count
 F = Spawn count percentage of total count
 G = Total turns spent on level
                    A         B        C        D         E        F      G
               +---------+---------+-------+---------+---------+-------+---------
         Total |       0 |     149 |   0.0 |       0 |      44 |   0.0 |  2082
               +---------+---------+-------+---------+---------+-------+---------
           D:1 |       0 |      22 |   0.0 |       0 |      14 |   0.0 |   612
           D:2 |       0 |      56 |   0.0 |       0 |      18 |   0.0 |  1318
           D:3 |       0 |      71 |   0.0 |       0 |      12 |   0.0 |   152
               +---------+---------+-------+---------+---------+-------+---------
